 Dungeon Crawl Stone Soup version 0.14-a0-1637-gd423c14 (webtiles) character file.

1860 ReteAZ the Geomancer (level 8, 0/45 HPs)
             Began as a Gargoyle Earth Elementalist on Dec 25, 2013.
             Slain by a gnoll
             ... wielding a +0,+0 halberd
              (8 damage)
             ... on Level 8 of the Dungeon on Dec 26, 2013.
             The game lasted 00:54:36 (8149 turns).

ReteAZ the Geomancer (Gargoyle Earth Elementalist)  Turns: 8149, Time: 00:54:36

HP   0/45        AC 11     Str 12      XL: 8   Next: 85%
MP  19/19        EV  6     Int 21      God:
Gold 330         SH  0     Dex 10      Spells:  5 memorised,  8 levels left

rFire  + + .     SeeInvis .     I - +1 lajatang
rCold  + . .     Clarity  .     y - +2 robe {rC+ rF+}
rNeg   + . .     Conserve .     (no shield)
rPois  +         rCorr    .     g - +1 helmet
rElec  +         rRot     +     (no cloak)
SustAb . .       Spirit   .     (no gloves)
rMut   +         Warding  .     (no boots)
Saprov . . .     Stasis   .     w - amulet of resist mutation
                                C - ring of protection from fire
                                t - +3 ring of intelligence

@: about to teleport, held, slightly resistant to hostile enchantments, fairly
stealthy
A: life protection 1, electricity resistance, unbreathing, petrification
resistance, AC +5
a: no special abilities


You were on level 8 of the Dungeon.
You were hungry.

You visited 2 branches of the dungeon, and saw 9 of its levels.

You collected 330 gold pieces.

Inventory:

Hand weapons
 I - a +1,+1 lajatang (weapon)
Missiles
 b - 44 stones (quivered)
Armour
 g - a +1 helmet (worn)
 y - a +2 robe of resistance (worn)
Magical devices
 e - a wand of flame (8)
 f - a wand of confusion (15)
Comestibles
 a - 7 bread rations
 z - 2 pears
 A - a meat ration
 G - a choko
 H - an apple
Scrolls
 j - a scroll of recharging
 m - 4 scrolls of identify
 n - 2 scrolls of enchant armour
 r - 5 scrolls of fear
 D - a scroll of blinking
Jewellery
 t - a +3 ring of intelligence (left hand)
 w - an amulet of resist mutation (around neck)
 C - a ring of protection from fire (right hand)
Potions
 c - 2 potions of poison
 h - a potion of heal wounds {unknown}
 k - 2 potions of speed {unknown}
 o - a potion of might {unknown}
 p - 2 potions of agility {unknown}
 s - 3 potions of curing {unknown}
 u - 3 potions of brilliance {unknown}
 v - a potion of restore abilities {unknown}
 B - a potion of paralysis {unknown}
 F - a potion of cure mutation {unknown}
Books
 d - a book of Geomancy

   Spells                             Type                      Level
   *Sandblast                         Earth                        1
   Stoneskin                          Transmutation/Earth          2
   Passwall                           Transmutation/Earth          3
   *Stone Arrow                       Conjuration/Earth            3
   Petrify                            Transmutation/Earth          4
   Lee's Rapid Deconstruction         Earth                        5
 i - a book of Wizardry

   Spells                             Type                      Level
   Summon Elemental                   Summoning                    4
   Agony                              Necromancy                   5
   Force Lance                        Conjuration                  5
   Fireball                           Conjuration/Fire             5
   Haste                              Charms                       6
   Invisibility                       Hexes                        6
 x - a book of Party Tricks

   Spells                             Type                      Level
   *Summon Butterflies                Summoning                    1
   *Apportation                       Translocation                1
   *Blink                             Translocation                2
   Alistair's Intoxication            Transmutation/Poison         4
   Tukima's Dance                     Hexes                        5
 J - a book of Conjurations

   Spells                             Type                      Level
   Magic Dart                         Conjuration                  1
   Searing Ray                        Conjuration                  2
   Dazzling Spray                     Conjuration/Hexes            3
   Iskenderun's Mystic Blast          Conjuration                  4
   Iskenderun's Battlesphere          Conjuration/Charms           4
   Fulminant Prism                    Conjuration/Hexes            5


   Skills:
 + Level 2.9 Fighting
   Level 0.1 Short Blades
 - Level 2.1 Armour
 - Level 1.5 Dodging
 - Level 2.1 Stealth
 + Level 4.9 Spellcasting
 + Level 5.2 Conjurations
   Level 0.7 Transmutations
 * Level 9.3 Earth Magic


You had 8 spell levels left.
You knew the following spells:

 Your Spells              Type           Power        Failure   Level  Hunger
a - Sandblast             Erth           #####.       1%          1    None
b - Stone Arrow           Conj/Erth      #####.       1%          3    ##.....
c - Blink                 Tloc           N/A          17%         2    None
d - Summon Butterflies    Summ           #.......     12%         1    None
e - Apportation           Tloc           #.........   12%         1    None


Dungeon Overview and Level Annotations

Branches:
Dungeon (8/16)             Temple (1/1) D:4
   Lair: D:8-11

Altars:
Ashenzari
Cheibriados
Elyvilon
Fedhas
Makhleb
Nemelex Xobeh
Okawaru
Sif Muna
Trog
Xom
Yredelemnul
the Shining One

Shops:
D:5 (([   D:7 (

Annotations:
D:7 Herrn's ghost, experienced GrFi


Innate Abilities, Weirdness & Mutations

You are resistant to torment.
You are immune to poison.
Your stone body is very resilient (AC +5).
You resist negative energy.
You are resistant to electric shocks.
You can survive without breathing.
You are immune to petrification.


Message History

The gnoll hits you from afar with a halberd.
A jelly comes into view.
You slice into the net.
The jelly moves out of view.
The gnoll hits you from afar with a halberd!
The gnoll hits you.
The gnoll sergeant hits you but does no damage.
Read which item? (? for menu, Esc to quit)
As you read the scroll of teleportation, it crumbles to dust.
You feel strangely unstable.
The gnoll hits you from afar with a halberd!
The gnoll hits you from afar with a spear.
* * * LOW HITPOINT WARNING * * *
The gnoll barely misses you.
Drink which item? (? for menu, Esc to quit)
You feel slightly nauseous.
It was a potion of poison.
The gnoll sergeant hits you but does no damage.
The gnoll hits you.
* * * LOW HITPOINT WARNING * * *
The gnoll hits you from afar with a halberd!
You die...

# ... #..
+..#### #+#.....
. ..<...# ..#
#....# ..
#.##)...##.##..
#.....@.g5......
####.##g...###.
# #gg..#
.........
#####.#### ...
###


You could see a gnoll sergeant, 3 gnolls and a crimson imp.

Vanquished Creatures
  A sky beast (D:7)
  An ogre (D:5)
  A phantom (D:7)
  An orc warrior (D:6)
  Satan Claus (D:3)
  Duvessa (D:4)
  A giant frog (D:6)
  2 killer bees (D:7)
  A hippogriff zombie (D:7)
  3 crimson imps
  Dowan (D:4)
  4 hounds
  2 orc priests
  4 worker ants
  A scorpion (D:4)
  2 iguanas
  3 orc wizards
  2 worker ant zombies
  4 gnolls
  6 adders
  2 worms
  6 giant geckos
  27 orcs
  A bat skeleton (D:4)
  A bat zombie (D:5)
  3 giant cockroaches (D:1)
  12 hobgoblins
  15 jackals
  2 quokkas
  9 bats
  2 giant newts
  13 goblins
  8 kobolds
  6 rats
149 creatures vanquished.

Vanquished Creatures (others)
  An adder (D:4)
  A giant gecko (D:4)
  A hobgoblin (D:4)
  A kobold (D:4)
4 creatures vanquished.

Grand Total: 153 creatures vanquished

Notes
Turn   | Place    | Note
--------------------------------------------------------------
     0 | D:1      | ReteAZ, the Gargoyle Earth Elementalist, began the quest for the Orb.
     0 | D:1      | Reached XP level 1. HP: 10/10 MP: 3/3
   149 | D:1      | Reached skill level 4 in Earth Magic
   150 | D:1      | Reached XP level 2. HP: 10/15 MP: 0/4
   573 | D:1      | Reached XP level 3. HP: 19/19 MP: 0/6
   758 | D:1      | Learned a level 3 spell: Stone Arrow
  1444 | D:2      | Found a sparkling altar of Nemelex Xobeh.
  1493 | D:2      | Reached skill level 5 in Earth Magic
  1536 | D:2      | Reached XP level 4. HP: 3/24 MP: 0/8
  2082 | D:2      | Reached skill level 1 in Conjurations
  2389 | D:3      | Upgraded the game from 0.14-a0-1626-g054e7ae to 0.14-a0-1637-gd423c14
  2697 | D:3      | Reached skill level 1 in Armour
  2733 | D:3      | Reached XP level 5. HP: 28/28 MP: 7/10
  2941 | D:3      | Noticed Satan Claus
  2947 | D:3      | Killed Satan Claus
  3113 | D:4      | Reached XP level 6. HP: 32/32 MP: 9/13
  3239 | D:4      | Noticed Dowan
  3248 | D:4      | Killed Dowan
  3248 | D:4      | Reached skill level 6 in Earth Magic
  3257 | D:4      | Noticed Duvessa
  3559 | D:4      | Found a staircase to the Ecumenical Temple.
  3569 | Temple   | Entered the Ecumenical Temple
  3746 | Temple   | Learned a level 2 spell: Blink
  3748 | Temple   | Learned a level 1 spell: Summon Butterflies
  3750 | Temple   | Learned a level 1 spell: Apportation
  4435 | D:4      | Reached XP level 7. HP: 36/36 MP: 11/15
  4771 | D:4      | Killed Duvessa
  4874 | D:5      | Entered Level 5 of the Dungeon
  4877 | D:5      | Reached skill level 7 in Earth Magic
  4950 | D:5      | Found Threfoer's Armour Boutique.
  5032 | D:5      | Found a white marble altar of Elyvilon.
  5151 | D:5      | Found Cutteul's Antique Weapon Boutique.
  5190 | D:5      | Found a shattered altar of Ashenzari.
  6006 | D:5      | Found Ziat's Antique Weapon Shop.
  6186 | D:5      | Reached skill level 8 in Earth Magic
  6446 | D:6      | Reached XP level 8. HP: 42/42 MP: 14/18
  6554 | D:6      | Reached skill level 1 in Fighting
  7546 | D:7      | Reached skill level 5 in Conjurations
  7546 | D:7      | Reached skill level 9 in Earth Magic
  7591 | D:7      | Noticed Herrn's ghost (experienced GrFi)
  8041 | D:7      | Found Plieroy's Antique Weapon Shop.
  8149 | D:8      | Slain by a gnoll

Action                   |  1- 3 |  4- 6 |  7- 9 || total
-------------------------+-------+-------+-------++-------
Melee: Dagger            |    45 |       |       ||    45
       Quarterstaff      |       |       |     4 ||     4
       Lajatang          |       |       |    41 ||    41
Throw: Stone             |     1 |     5 |       ||     6
 Cast: Sandblast         |    51 |    66 |    93 ||   210
       Stone Arrow       |     1 |    32 |    59 ||    92
       Apportation       |       |     2 |       ||     2
Evoke: Wand              |       |       |     3 ||     3
  Use: Scroll            |       |     5 |    15 ||    20
       Potion            |       |       |     1 ||     1
